[Event "*** Titled Tuesday Blitz"]
[Site "Chess.com"]
[Date "2021.02.09"]
[Round "7"]
[White "LiamVrolijk"]
[Black "Gabrielian_Artur"]
[Result "1/2-1/2"]
[WhiteElo "2888"]
[BlackElo "2823"]
[TimeControl "180+1"]
[EndTime "11:19:19 PST"]
[Termination "Game drawn - insufficient material"]

1. d4 Nf6 2. c4 e6 3. Nf3 Bb4+ 4.
Nbd2 O-O 5. a3 Be7 6. e4 d6 7.
Be2 Nbd7 8. b4 e5 9. d5 a5 10. Bb2 Ne8 11. O-O g6 12. Bd3 Ng7 13. Qc2 f5 14. c5 Nf6 15. Rfe1 fxe4 16. Nxe4 Nxe4 17. Bxe4 Bf5 18. Rad1 axb4 19. axb4 Bxe4 20. Qxe4 Rf4 21. Qe2 Rxb4 22. cxd6 cxd6 23. Nxe5 dxe5 24. Qxe5 Bf8 25. d6 Qd7 26. Bc3 Rb5 27. Qe4 Rc8 28. Bf6 Rf5 29. Be7 Rf7 30. Qd5 Re8 31. Qb3 Nf5 32. Re6 Bxe7 33. dxe7 Nd4 34. Re3 Nxb3 35. Rxd7 Kg7 36.
Rxb3 Rexe7 37. Rxe7 Rxe7 38. g3 Kf7 39. Rb6 Ke8 40.
Kg2 Kd7 41. h4 Kc7 42. Rb1 Re6 43. g4 Kc6 44. Rc1+ Kd5 45. Rc7 b5 46. Rxh7 Rb6 47.
Rd7+ Ke4 48. Kg3 b4 49. Rd1 b3 50. h5 gxh5 51. gxh5 b2 52. Rb1 Kf5 53. Kf3 Kg5 54.
Ke3 Kxh5 55. Kd2 Kg4 56. Kc3 Kf3 57. Rxb2 Rxb2 58. Kxb2 Kxf2 1/2-1/2

[Event "*** Titled Tuesday Blitz"]
[Site "Chess.com"]
[Date "2021.02.09"]
[Round "7"]
[White "FairChess_on_YouTube"]
[Black "XDPS"]
[Result "1-0"]
[WhiteElo "2944"]
[BlackElo "2741"]
[TimeControl "180+1"]
[EndTime "11:19:20 PST"]
[Termination "FairChess_on_YouTube won by resignation"]

1. e4 e5 2. Nf3 Nc6 3. Nc3 Nf6 4. Bb5 Bd6 5. O-O O-O 6. d3 a6 7. Bxc6 dxc6 8. Ne2 c5 9. Ng3 Nd7 10. Nf5 Re8 11. Ng5 Nf8 12. Qh5 Be6 13. Bd2 f6 14. Nxe6 Nxe6 15. Rae1 Qd7 16. Re3 Bf8 17. Rg3 g6 18.
Qg4 Kh8 19. Bc3 Qf7 20. Ne3 Bg7 21. h4 Nf4 22. b3 Rad8 23. Qd1 b6 24. Rf3 Qd7 25.
g3 Ne6 26. Kg2 c6 27. h5 Nd4 28. Bxd4 cxd4 29. Nc4 b5 30. Nd2 Qe6 31. Rh1 Kg8 32. Qg1 Rd7 33. Qh2 g5 34. h6 Bf8 35. Qh5 Qf7 36. Qg4 Red8 37. Rf5 Qg6 38. Nf3 Bxh6 39.
Rxe5 fxe5 40. Nxe5 Qg7 41. Qe6+ Kf8 42. Rxh6 Re7 43.
Rf6+ Ke8 44. Qxc6+ Rdd7 45. Nxd7 Rxd7 46. e5 Kd8 47. e6 Rc7 48. Qd6+ Kc8 49. Rf8+ Kb7 50. Rf7 Rxf7 51. Qd5+ Kb6 52. exf7 Qf6 53. Qf3 1-0

[Event "*** Titled Tuesday Blitz"]
[Site "Chess.com"]
[Date "2021.02.09"]
[Round "7"]
[White "enriquetejedor"]
[Black "Kiborg95"]
[Result "0-1"]
[WhiteElo "2537"]
[BlackElo "2718"]
[TimeControl "180+1"]
[EndTime "11:19:20 PST"]
[Termination "Kiborg95 won by resignation"]

1. c4 d6 2. g3 e5 3. Bg2 f5 4. Nc3 Be7 5. d4 c6 6. Nf3 e4 7. Nd2 Nf6 8. O-O d5 9. e3 Na6 10. a3 Be6 11. cxd5 cxd5 12. Qa4+ Kf7 13. Ne2 g5 14. b4 Nc7 15. f3 Qd7 16. Qxd7 Bxd7 17.
g4 exf3 18. Nxf3 Nxg4 19. Ng3 Rhd8 20. h3 Nh6 21. Ne5+ Kg8 22. Nxd7 Rxd7 23. Nxf5 Nxf5 24. Rxf5 Rf8 25. Rxf8+ Kxf8 26. Bd2 Nb5 27. a4 Nc7 28. Rc1 Bd6 29. b5 Ke7 30. Rf1 Ke6 31. Bf3 Rf7 32. e4 Bf4 33. exd5+ Nxd5 34. Bg4+ Kd6 35. Bc1 Be3+ 36. Bxe3 Rxf1+ 37. Kxf1 Nxe3+ 38. Ke2 Nc4 39. Bf3 b6 40. Be4 h6 41. Bd3 Kd5 42. Bxc4+ Kxc4 43. Ke3 Kd5 44. Kf3 h5 45. Ke3 g4 46. hxg4 hxg4 47.
Kf4 Kxd4 48. Kxg4 Kc4 49. a5 Kxb5 50. axb6 axb6 51. Kf3 Kc4 52. Ke2 Kc3 53. Kd1 b5 54.
Kc1 b4 55. Kb1 Kb3 56. Ka1 Kc2 57. Ka2 b3+ 58. Ka1 0-1

[Event "*** Titled Tuesday Blitz"]
[Site "Chess.com"]
[Date "2021.02.09"]
[Round "7"]
[White "Bulldog167"]
[Black "wonderfultime"]
[Result "0-1"]
[WhiteElo "2841"]
[BlackElo "2943"]
[TimeControl "180+1"]
[EndTime "11:19:21 PST"]
[Termination "wonderfultime won on time"]

1. d4 Nf6 2. Nc3 d5 3. Bf4 Bf5 4. f3 e6 5. g4 Bg6 6. h4 h6 7. h5 Bh7 8. e3 a6 9. Bd3 c5 10. Bxh7 Nxh7 11. Nge2 Nc6 12. Qd2 Ng5 13. Rf1 Rc8 14. O-O-O cxd4 15. exd4 Na5 16. Kb1 Nc4 17. Qd3 Qa5 18. Bc1 Be7 19. f4 Nh7 20. f5 O-O 21. fxe6 fxe6 22. Nf4 Rf6 23. Ng6 Bb4 24. Ne2 Qb6 25. c3 Bd6 26. Ka1 Qb5 27. b3 Na3 28. Qxb5 Nxb5 29. Bb2 Ng5 30. Rxf6 gxf6 31. Nef4 Bxf4 32.
Nxf4 Kf7 33. a4 Nd6 34. Nd3 Nde4 35. Rc1 Nf3 36. Ka2 Rg8 37. c4 Rxg4 38. cxd5 exd5 39. Rc7+ Ke8 40. Rxb7 Rg2 41. Ka3 Nfd2 42. Nc5 Rg3 43. Nxe4 dxe4 44. d5 Nc4+ 45. Ka2 Nxb2 46. Kxb2 e3 47. d6 f5 48. Re7+ Kd8 49. b4 f4 50.
b5 axb5 51. axb5 Rg5 52. Re4 Rxb5+ 53. Kc3 Rf5 54. Kd3 f3 0-1

[Event "*** Titled Tuesday Blitz"]
[Site "Chess.com"]
[Date "2021.02.09"]
[Round "7"]
[White "superchess02"]
[Black "Azerichess"]
[Result "0-1"]
[WhiteElo "2788"]
[BlackElo "2977"]
[TimeControl "180+1"]
[EndTime "11:19:22 PST"]
[Termination "Azerichess won by resignation"]

1. d4 f5 2. g3 Nf6 3. Bg2 g6 4. c4 Bg7 5. Nc3 O-O 6. Nf3 d6 7. O-O c6 8. b4 Ne4 9. Qb3 Nxc3 10. Qxc3 Nd7 11. Rd1 Nf6 12. Qb3 Kh8 13. c5 Ne4 14.
Ng5 d5 15. Nf3 a5 16. Bf4 axb4 17. Qxb4 Qa5 18. Qxa5 Rxa5 19. Be5 Nc3 20. Rd2 Be6 21. Rc2 Nb5 22. e3 Rfa8 23. Bf1 Bf6 24. Rb2 Bd7 25.
Bxb5 cxb5 26. Bxf6+ exf6 27. Ne1 Kg8 28. Nc2 Kf7 29. a3 Bc6 30. Rb4 g5 31. h4 gxh4 32. gxh4 Rg8+ 33. Kh2 Rg4 34. Kh3 Bd7 35. f4 Ra8 36. Ne1 Rag8 37. Rb2 Rg3+ 38. Kh2 Rxe3 39. Ng2 Re4 40. a4 Ra8 41. Rb4 Ke6 42. Rab1 Rxa4 43. Rxa4 bxa4 44. Rxb7 Rxd4 45. Rb6+ Ke7 46. Ra6 Rc4 47.
Ra5 d4 48. Kg3 Ke6 49. Ne1 Kd5 50. Ra7 Bc6 51. Kf2 Ke4 52. Re7+ Kd5 53. Rxh7 a3 54. Ra7 Ra4 55. Rg7 a2 56. Nc2 Rc4 57. Na1 Rc1 58. Rg1 Rxg1 59. Kxg1 d3 60. Kf2 Kd4 61. h5 d2 62. Ke2 Kc3 63. h6 Ba4 64. Kf2 d1=Q 65. h7 Qd4+ 0-1

[Event "*** Titled Tuesday Blitz"]
[Site "Chess.com"]
[Date "2021.02.09"]
[Round "7"]
[White "olksuna"]
[Black "sokidze"]
[Result "0-1"]
[WhiteElo "2673"]
[BlackElo "2530"]
[TimeControl "180+1"]
[EndTime "11:19:24 PST"]
[Termination "sokidze won by resignation"]

1. e4 c6 2. Nf3 d5 3. Nc3 dxe4 4. Nxe4 Nf6 5. Qe2 Nxe4 6. Qxe4 Qa5 7. Bc4 Bf5 8. Qf4 e6 9. c3 Be7 10. O-O O-O 11.
d4 Qd8 12. Qg3 Nd7 13. Bh6 Bg6 14. Bf4 Nf6 15. Bc7 Qc8 16. Bd6 Ne4 17. Bxe7 Nxg3 18. hxg3 Re8 19. Ba3 Be4 20. Ne5 f6 21. Ng4 Bd5 22.
Bd3 e5 23. Ne3 exd4 24. cxd4 Be6 25. Rad1 Qd7 26. Bb1 Qf7 27. b3 Rad8 28. Rd2 Bd5 29. Rfd1 Rd7 30. Bd3 g6 31. Be2 Kg7 32. Bf1 Red8 33.
Nc4 Be6 34. Ne3 Bd5 35. Bc5 b6 36. Ba3 h5 37. Re1 Re8 38. Rde2 Re4 39. f3 Re6 40. Kf2 Rd8 41. Nxd5 Rxe2+ 42. Rxe2 Qxd5 43. Re7+ Kh6 44. Bc1+ g5 45. Be3 Qd6 46. Rxa7 Rd7 47. Ra8 c5 48. dxc5 bxc5 49. Bc4 Re7 50. Rh8+ Kg7 51. Rg8+ Kh7 52. Rc8 Qe5 53. Bd3+ Kg7 54. Bd2 Qd4+ 0-1

[Event "*** Titled Tuesday Blitz"]
[Site "Chess.com"]
[Date "2021.02.09"]
[Round "7"]
[White "agartha01"]
[Black "erdni1993"]
[Result "1-0"]
[WhiteElo "2326"]
[BlackElo "2417"]
[TimeControl "180+1"]
[EndTime "11:19:24 PST"]
[Termination "agartha01 won by resignation"]

1. d4 Nf6 2. Bf4 e6 3. e3 c5 4. c3 h6 5. Nf3 cxd4 6. cxd4 Nc6 7. Nc3 Bb4 8. a3 Bxc3+ 9. bxc3 O-O 10. c4 d5 11. Be2 Bd7 12. O-O dxc4 13. Bxc4 Na5 14.
Bd3 Bc6 15. Ne5 Bd5 16. Re1 Rc8 17. Rb1 b6 18. h3 Rc3 19. a4 Qe7 20. Rc1 Rfc8 21.
Rxc3 Rxc3 22. Bb1 Be4 23. Bxe4 Nxe4 24. d5 exd5 25. Qxd5 Nf6 26. Qd4 Rc8 27. Rd1 Nb3 28. Qd3 Nc5 29. Qb5 Qe6 30. Nf3 Nfe4 31. Qb4 Qc6 32. a5 bxa5 33. Qxa5 Qb6 34. Qxb6 axb6 35. Nd4 Nc3 36. Ra1 b5 37. Be5 b4 38. Nf5 Ne6 39.
Ne7+ Kh7 40. Nxc8 Nd5 41. Nd6 f6 42. Bd4 Nec7 43. Nc4 Nb5 44. Rb1 Nbc7 45. Nb6 Ne7 46.
Rxb4 Ne6 47. Rc4 Nf5 48. Rc6 Nd8 49. Rc8 Ne6 50. g4 Ne7 51. Re8 Nxd4 52. exd4 Nc6 53. d5 Nd4 54. d6 Nf3+ 55. Kg2 Ne5 56. Rxe5 fxe5 57. d7 1-0

[Event "*** Titled Tuesday Blitz"]
[Site "Chess.com"]
[Date "2021.02.09"]
[Round "7"]
[White "Chesswizard_2007"]
[Black "StockholmMissile"]
[Result "1-0"]
[WhiteElo "2676"]
[BlackElo "2503"]
[TimeControl "180+1"]
[EndTime "11:19:25 PST"]
[Termination "Chesswizard_2007 won on time"]

1. e4 e5 2. Nf3 Nc6 3. Bc4 Bc5 4. O-O Nf6 5. d4 Bxd4 6. Nxd4 Nxd4 7. Bg5 h6 8. Bxf6 Qxf6 9. Nc3 Ne6 10. Nb5 a6 11.
Bxe6 axb5 12. Bb3 O-O 13. Qd2 d6 14. f4 exf4 15. Rxf4 Qxb2 16. Rxf7 Rxf7 17. Rf1 Qxb3 18. axb3 Rxf1+ 19. Kxf1 Be6 20. Qb4 Bd7 21. Qd4 Rf8+ 22.
Kg1 Bc6 23. e5 dxe5 24. Qxe5 Re8 25. Qxc7 Re2 26. Qd8+ Kh7 27. Qd3+ Re4 28. h3 Kh8 29. Kh2 Re5 30. Qd4 Rg5 31. Qd8+ Kh7 32. Qd3+ Kh8 33. g4 Rd5 34. Qe2 Rd8 35. Kg3 Re8 36. Qd2 Rf8 37.
Kh4 Re8 38. Qd3 Re5 39. Qd4 Rd5 40.
Qe3 Rg5 41. Qe2 Rd5 42. c4 bxc4 43. Qxc4 Rg5 44. Qf7 Rd5 45. b4 Rb5 46. Kg3 Rd5 47. h4 Rd3+ 48. Kh2 Rd2+ 49. Kg1 Rg2+ 50. Kf1 Rh2 51. g5 hxg5 52. hxg5 Rh1+ 53. Kf2 Rh2+ 54. Ke1 Rh1+ 55. Kd2 Rh2+ 56. Kc1 Rh1+ 57. Kb2 Kh7 58.
Qf5+ Kg8 59. g6 Rh2+ 60. Kc3 Rh3+ 61. Qxh3 1-0

[Event "*** Titled Tuesday Blitz"]
[Site "Chess.com"]
[Date "2021.02.09"]
[Round "7"]
[White "TregubovP"]
[Black "JoliyRoger"]
[Result "0-1"]
[WhiteElo "2579"]
[BlackElo "2431"]
[TimeControl "180+1"]
[EndTime "11:19:25 PST"]
[Termination "JoliyRoger won by resignation"]

1. e4 c6 2. Nf3 d5 3. Nc3 Nf6 4. e5 Ne4 5. Ne2 Qb6 6. d4 e6 7. Ng3 Nxg3 8. fxg3 c5 9. c3 Bd7 10. Bd3 h6 11. O-O cxd4 12. Nxd4 Bc5 13. Be3 Nc6 14. Qh5 Rf8 15. Rad1 Nxd4 16. cxd4 Bxd4 17. Bxd4 Qxd4+ 18. Kh1 Qb4 19. a3 Qa4 20. Rc1 Bc6 21. Bg6 Ke7 22. Bxf7 Qe4 23. Bg6 Rxf1+ 24. Rxf1 Rf8 25. Rg1 Qe3 26.
Qh4+ Qg5 27. Qxg5+ hxg5 28. h4 gxh4 29. gxh4 d4 30.
Kh2 Rf2 31. Kg3 Rxb2 32. h5 Re2 33. Kh3 Rxe5 34. g4 Re3+ 35. Kh4 Be4 36. Bxe4 Rxe4 37.
Rc1 Kd7 38. Kg5 d3 39. Rd1 Re3 40. Kg6 Rg3 41. g5 e5 42. Kf5 Kd6 43. h6 gxh6 44. gxh6 Rh3 45. h7 Rh5+ 46. Kg6 Rh3 47. Rxd3+ Rxd3 48.
h8=Q Rg3+ 49. Kf5 Rf3+ 50. Ke4 Rf4+ 51. Ke3 Rd4 52. Qb8+ Kc6 53. Qxa7 Rd5 54. Ke4 Rb5 55. Qa4 Kb6 56. Qc4 Rc5 57. Qb4+ Rb5 58. Qd6+ Ka7 59. Kd3 Ra5 60. Kc4 Ra6 61. Kb5 Rxd6 62. Kc5 Rd1 63. Kc4 e4 0-1

[Event "*** Titled Tuesday Blitz"]
[Site "Chess.com"]
[Date "2021.02.09"]
[Round "7"]
[White "Sokoloco"]
[Black "CalinGheorghiu"]
[Result "0-1"]
[WhiteElo "2460"]
[BlackElo "2320"]
[TimeControl "180+1"]
[EndTime "11:19:25 PST"]
[Termination "CalinGheorghiu won by resignation"]

1. b3 e5 2. Bb2 Nc6 3. e3 d5 4.
Bb5 Ne7 5. Nf3 e4 6. Ne5 a6 7. Nxc6 bxc6 8. Be2 Ng6 9. O-O Bd6 10. f4 exf3 11.
Bxf3 O-O 12. g3 Qg5 13. Bg2 h5 14. Nc3 h4 15. Ne2 Bg4 16. Bf3 Bxf3 17. Rxf3 hxg3 18.
Nxg3 Nh4 19. Rf2 Bxg3 20. hxg3 Qxg3+ 21. Kf1 Rae8 22. Qh5 Re6 23. Ke2 Rh6 24. Qe5 Qg4+ 25. Kd3 Re6 26. Qf4 Qg6+ 27. Ke2 Ng2 28. Qf3 Qxc2 29.
Rxg2 Qxb2 30. Rag1 g6 31. Rh2 Rfe8 32. Kf1 Rxe3 33.
dxe3 Qxh2 34. Qf2 Qxf2+ 35. Kxf2 Re5 36. Rc1 Re6 37. Rc5 f5 38. Ra5 Kf7 39. Rxa6 Ke7 40. Ra7 Kd6 41. a4 c5 42. Ra8 d4 43. Rd8+ Ke5 44. exd4+ cxd4 45. Ke2 c5 46. Kd3 Rb6 47. Kc4 Rb4+ 48. Kxc5 Rxb3 49. Re8+ Kf4 50. a5 d3 51. a6 d2 52. Rd8 Ke3 53. a7 Ra3 54. Kc4 Rxa7 55.
Kc3 Rc7+ 56. Kb3 Rc1 57. Re8+ Kf2 0-1

[Event "*** Titled Tuesday Blitz"]
[Site "Chess.com"]
[Date "2021.02.09"]
[Round "7"]
[White "Sjakkerntobi"]
[Black "Nathan_Filgueiras"]
[Result "1-0"]
[WhiteElo "2315"]
[BlackElo "2433"]
[TimeControl "180+1"]
[EndTime "11:19:25 PST"]
[Termination "Sjakkerntobi won by resignation"]

1. e4 c5 2. Nf3 Nc6 3. d4 cxd4 4. Nxd4 e5 5. Nb5 d6 6. N1c3 a6 7. Na3 b5 8. Nd5 Nce7 9. c4 Nxd5 10. exd5 bxc4 11.
Nxc4 Nf6 12. Be3 Rb8 13. Be2 Be7 14. O-O O-O 15. Qd2 Bb7 16. Nb6 Nd7 17. Nc4 f5 18. f4 exf4 19. Bxf4 Nf6 20. Bf3 Qc7 21. Rac1 Nxd5 22. Bxd5+ Kh8 23. Bxb7 Qxb7 24. Nxd6 Qxb2 25.
Qxb2 Rxb2 26. Rfe1 Bf6 27. a4 h6 28. Be5 Ra2 29.
Nxf5 Rxa4 30. Bxf6 Rxf6 31. Ng3 Ra2 32. Ra1 Rff2 33.
Rxa2 Rxa2 34. h3 a5 35. Re8+ Kh7 36. Ra8 a4 37. Ne4 Kg6 38. Nc3 Ra1+ 39. Kh2 a3 40. Nb5 a2 41. Nc3 Rc1 42. Nxa2 Rc2 43. Nb4 Rb2 44. Nd3 Rd2 45. Nf4+ Kf5 46. Kg3 g5 47.
Ra5+ Ke4 48. Nh5 Rd3+ 49. Kh2 Rd2 50. Ng3+ Kf4 51. Rf5+ Ke3 52. Nf1+ Ke4 53. Nxd2+ Kxf5 54. Kg3 h5 55. Kf3 Ke5 56. Ne4 Kf5 57. g4+ hxg4+ 58.
hxg4+ Kg6 59. Ke3 Kh6 60. Kd4 Kg6 61. Ke5 Kh6 62. Kf6 Kh7 63. Nxg5+ Kg8 64. Kg6 Kh8 65.
Nf3 Kg8 66. g5 Kh8 67. Kh6 Kg8 68. Nh4 Kh8 69. g6 Kg8 70. g7 Kf7 71. Kh7 1-0

[Event "*** Titled Tuesday Blitz"]
[Site "Chess.com"]
[Date "2021.02.09"]
[Round "7"]
[White "CoachHakia"]
[Black "dopolian"]
[Result "1-0"]
[WhiteElo "2157"]
[BlackElo "2373"]
[TimeControl "180+1"]
[EndTime "11:19:25 PST"]
[Termination "CoachHakia won on time"]

1. d4 Nf6 2. Bg5 c5 3. Bxf6 gxf6 4. d5 Qb6 5. Qc1 Bh6 6. e3 f5 7. c4 f4 8. Ne2 fxe3 9. fxe3 Qf6 10. Nbc3 d6 11. Nf4 Bf5 12. Be2 Bxf4 13. exf4 Qh4+ 14. g3 Qh3 15. Qe3 Na6 16. O-O-O O-O-O 17. a3 Rde8 18. Nb5 Kb8 19. Bf3 Nc7 20. Nxc7 Kxc7 21. b4 b6 22. Rd2 Qh6 23. Re1 Qf6 24. Rb2 h5 25. Ree2 h4 26. g4 Bd7 27. f5 h3 28.
Rec2 Rb8 29. Re2 Rhe8 30. Rec2 a5 31. bxa5 bxa5 32. Qd2 Rxb2 33. Rxb2 Ra8 34. Qc2 Qd4 35. Qb3 Qg1+ 36. Bd1 Kd8 37. Qb7 Rc8 38. Qb6+ Ke8 39. Qxa5 Qd4 40. Qd2 Qxc4+ 41. Rc2 Qb3 42. Qc3 Qxc3 43.
Rxc3 Rb8 44. Rxh3 Kd8 45. Rh8+ Kc7 46. Rxb8 Kxb8 47. Kd2 e6 48. fxe6 fxe6 49. dxe6 Bxe6 50. Kc3 Kc7 51. h4 d5 52. h5 d4+ 53. Kd3 Bf7 54.
g5 Kd6 55. g6 Be6 56. h6 Bf5+ 57. Kd2 Bxg6 58. Bc2 d3 59. Bxd3 1-0

[Event "*** Titled Tuesday Blitz"]
[Site "Chess.com"]
[Date "2021.02.09"]
[Round "7"]
[White "FGHSMN"]
[Black "AwareIdea"]
[Result "1-0"]
[WhiteElo "2626"]
[BlackElo "2473"]
[TimeControl "180+1"]
[EndTime "11:19:27 PST"]
[Termination "FGHSMN won by resignation"]

1. e4 e5 2. Nf3 Nc6 3. Bc4 Bc5 4. d3 Nf6 5. a4 a6 6. O-O h6 7. c3 Ba7 8. Re1 O-O 9. Nbd2 d6 10. h3 Ne7 11. Nf1 Ng6 12. Ng3 c6 13. Bb3 Re8 14. d4 exd4 15. cxd4 Qc7 16. Bd2 Be6 17. Bc2 Rad8 18.
Bc3 Nf4 19. Qd2 g5 20. d5 N6xd5 21. exd5 Bxd5 22. Ne4 Bxe4 23. Bxe4 d5 24. Bc2 d4 25.
Rxe8+ Rxe8 26. Nxd4 Rd8 27. g3 Ne6 28. Nxe6 Qxg3+ 29. Kf1 Qxh3+ 30. Ke2 Rxd2+ 31. Kxd2 Qxe6 32. Re1 Qd7+ 33.
Kc1 Bxf2 34. Rd1 Be3+ 35. Kb1 Qe7 36. Bf5 c5 37. Rd7 Qe8 38. Bf6 Qxd7 39. Bxd7 Kh7 40. Bf5+ Kg8 41. Bc8 b6 42. Bxa6 Bf4 43. Be2 Be3 44.
Bh5 Bd4 45. Bxd4 cxd4 46. b4 Kf8 47. a5 bxa5 48. bxa5 Ke7 49. a6 Kd6 50. a7 Kc5 51. a8=Q Kc4 52. Bxf7+ Kc3 53. Qf3+ d3 54. Bg6 Kd2 55.
Qxd3+ Ke1 56. Qe3+ 1-0

[Event "*** Titled Tuesday Blitz"]
[Site "Chess.com"]
[Date "2021.02.09"]
[Round "7"]
[White "erlesfar"]
[Black "andrzej"]
[Result "1-0"]
[WhiteElo "2560"]
[BlackElo "2341"]
[TimeControl "180+1"]
[EndTime "11:19:27 PST"]
[Termination "erlesfar won by resignation"]

1. e4 c5 2. d4 cxd4 3. c3 d3 4.
Bxd3 d6 5. c4 b6 6. Nc3 Bb7 7.
Nf3 Nf6 8. O-O Nbd7 9. h3 g6 10.
Re1 Bg7 11. Bg5 O-O 12. Rc1 a6 13. b3 h6 14. Bh4 e6 15. Bb1 Qc7 16. Qe2 Nh5 17.
Red1 g5 18. Nxg5 Nf4 19. Qg4 hxg5 20. Bxg5 Ng6 21. h4 f5 22. exf5 exf5 23. Bxf5 Nde5 24. Be6+ Rf7 25. Qg3 Re8 26. Bxf7+ Qxf7 27. h5 Nf8 28. h6 Nh7 29. hxg7 Nxg5 30. Qxg5 Re6 31. Nd5 Bxd5 32.
Rxd5 Nf3+ 33. gxf3 Rg6 34. Re1 Rxg7 35. f4 Qxf4 36.
Re8+ Kh7 37. Re7 Qxg5+ 38. Rxg5 Rxe7 39. Kg2 Re2 40. Rd5 Rxa2 41. Rxd6 b5 42. cxb5 axb5 43. Rb6 Rb2 44. Rxb5 Kg6 45. Rb6+ Kf5 46. Kg3 Kg5 47. Rb5+ Kf6 48. b4 Rb3+ 49. f3 Rb2 50. Rb6+ Kf5 51. b5 Rb1 52. Rb8 Rg1+ 53. Kf2 Rb1 54. b6 Ke6 55. b7 Rb2+ 56. Kg3 Kf7 57. Rh8 1-0

[Event "*** Titled Tuesday Blitz"]
[Site "Chess.com"]
[Date "2021.02.09"]
[Round "7"]
[White "Andrakhanova"]
[Black "TokChess"]
[Result "0-1"]
[WhiteElo "2247"]
[BlackElo "2400"]
[TimeControl "180+1"]
[EndTime "11:19:27 PST"]
[Termination "TokChess won by resignation"]

1. c4 c6 2. e4 Nf6 3. e5 Ng8 4. d4 d6 5. Nf3 Bg4 6. exd6 exd6 7. Be2 Nf6 8. O-O Be7 9. Nc3 O-O 10. h3 Bh5 11. d5 c5 12. Bf4 Re8 13. Re1 Nbd7 14. a4 Nb8 15. Qd2 Na6 16. a5 Bg6 17. Nh4 Ne4 18.
Nxe4 Bxe4 19. Nf3 Nb4 20. Ra4 Bf6 21. Rxb4 cxb4 22. Qxb4 Bxf3 23. gxf3 Be5 24. Bg3 Bxg3 25. fxg3 Qd7 26. Kg2 Re3 27. Bd1 Rxe1 28. Qxe1 Re8 29. Qc3 Qf5 30. h4 Qb1 31. Qd2 h5 32. f4 Qe4+ 33.
Bf3 Qe3 34. Qc2 g6 35. f5 Kg7 36. fxg6 fxg6 37. b4 Qd4 38. c5 Qxb4 39. c6 bxc6 40. dxc6 Qc5 41. Qb2+ Qe5 42. Qb7+ Kh6 43. c7 Qe6 44. a6 Qc8 45. Qc6 Re7 46. Qc1+ Kh7 47. Qg5 Qxc7 48. Bd5 Qc2+ 49. Kh3 Qf5+ 50. Qxf5 gxf5 51.
Kg2 Re5 52. Bc4 Kg7 53. Kf3 Rc5 54. Bd3 Rc3 55. Ke2 Kf6 56. Bb5 Ra3 0-1

[Event "*** Titled Tuesday Blitz"]
[Site "Chess.com"]
[Date "2021.02.09"]
[Round "7"]
[White "TimofeevAr"]
[Black "esapunov"]
[Result "1-0"]
[WhiteElo "2873"]
[BlackElo "2729"]
[TimeControl "180+1"]
[EndTime "11:19:28 PST"]
[Termination "TimofeevAr won by resignation"]

1. c4 Nf6 2. Nc3 g6 3. g3 Bg7 4. Bg2 O-O 5. d3 d6 6. Nf3 Nc6 7. O-O Nh5 8. Bd2 a5 9. Rb1 f5 10. a3 f4 11. b4 axb4 12. axb4 Bg4 13. b5 Nd4 14. Nd5 Bxf3 15. Bxf3 Nxf3+ 16. exf3 fxg3 17. hxg3 e6 18. Ne3 Ra2 19. Re1 Qg5 20. Nf1 Qf6 21. Kg2 Kh8 22. Qe2 e5 23. Qe4 b6 24. Ra1 Rxa1 25. Rxa1 Qf7 26. Ra7 Qd7 27. Qg4 Qf7 28. Nh2 Nf6 29. Qh4 h5 30. Be3 Kg8 31. Bxb6 Rc8 32. Be3 Qe6 33. Qh3 Qf5 34. Qxf5 gxf5 35. Nf1 d5 36. Nd2 d4 37. Bg5 Nd7 38. Nb3 Kf7 39.
c5 Kg6 40. Bh4 Bf8 41. b6 Nxc5 42. Nxc5 cxb6 43. Ne6 Bh6 44. Rc7 Rxc7 45. Nxc7 Kf7 46. Bd8 Bf8 47. f4 e4 48. Kf1 exd3 49. Ke1 Bb4+ 50.
Kd1 Ba5 51. Nd5 Ke6 52. Bxb6 Bc3 53. Nc7+ Kd6 54. Ne8+ Kd5 55. Nf6+ Kc4 56. Nxh5 d2 57. Ng7 Kd3 58. Nxf5 Ke4 59. Nh4 d3 60. Be3 Bb4 61.
Bxd2 Bc5 62. f3+ Kd5 63. g4 Bf2 64. Nf5 Ke6 65. Be3 Bxe3 1-0

[Event "*** Titled Tuesday Blitz"]
[Site "Chess.com"]
[Date "2021.02.09"]
[Round "7"]
[White "anantone"]
[Black "Mihnea2017"]
[Result "0-1"]
[WhiteElo "2550"]
[BlackElo "2412"]
[TimeControl "180+1"]
[EndTime "11:19:29 PST"]
[Termination "Mihnea2017 won on time"]

1. c4 e5 2. Nc3 Nf6 3. g3 c6 4.
d4 exd4 5. Qxd4 d5 6. cxd5 cxd5 7. Bg5 Be7 8. Bg2 Nc6 9. Qh4 d4 10. O-O-O Bd7 11. Bxf6 Bxf6 12. Qe4+ Be6 13. Nd5 O-O 14. Kb1 Qa5 15. a3 Bxd5 16. Qxd5 Qb6 17. Rd3 Rfd8 18. Qb3 Qc5 19. Nf3 Na5 20. Qc2 Qb6 21. Rc1 g6 22.
Qc5 Qxc5 23. Rxc5 Nc6 24. b4 Re8 25. Rd2 d3 26. e3 Rad8 27. Bf1 Ne5 28. Nxe5 Bxe5 29.
Bxd3 Kg7 30. Kc2 Bf6 31. Be2 Rxd2+ 32. Kxd2 Re7 33. Bf3 b6 34. Rc6 h5 35. h3 Rd7+ 36. Ke2 Be5 37. Rc8 Bf6 38. Bc6 Rd6 39.
e4 Bb2 40. Bd5 Bxa3 41. Rc7 Rf6 42. b5 Bb2 43. Rxa7 g5 44. Ke3 Be5 45. Re7 Bd6 46. Rd7 Bc5+ 47. Kd3 Rxf2 48. e5 Kg6 49. Rc7 h4 50.
Rc6+ Kf5 51. g4+ Kxe5 52. Be4 Kf4 53. Rf6+ Kg3 54. Rxf2 Bxf2 55. Ke2 Bc5 56. Bd5 f6 57. Be6 Kxh3 58. Kf3 Kh2 59. Bd5 Kg1 0-1

[Event "*** Titled Tuesday Blitz"]
[Site "Chess.com"]
[Date "2021.02.09"]
[Round "7"]
[White "Pintacara"]
[Black "kekic76"]
[Result "1-0"]
[WhiteElo "2507"]
[BlackElo "2372"]
[TimeControl "180+1"]
[EndTime "11:19:29 PST"]
[Termination "Pintacara won on time"]

1. d4 d6 2. Bg5 c5 3. d5 h6 4. Bf4 g5 5. Bc1 Bg7 6. Nc3 Nf6 7. h4 g4 8. e4 Nbd7 9. Be3 Ne5 10. Qd2 Bd7 11.
a4 Qa5 12. f4 gxf3 13. gxf3 a6 14. Be2 b5 15. Nd1 Qxd2+ 16. Kxd2 Nc4+ 17. Bxc4 bxc4 18.
c3 Rb8 19. Ne2 Nh5 20. Rg1 Bf6 21. Rh1 Kd8 22. Nf4 Nxf4 23. Bxf4 Kc7 24. Ke3 Rbg8 25. Kf2 Rg6 26. Ne3 Rhg8 27. Rag1 Rxg1 28. Rxg1 Rxg1 29. Kxg1 Bxh4 30. Bxh6 Bxa4 31. Nxc4 Bb5 32. Ne3 e6 33. b3 Bd3 34. Bf4 e5 35. Bh6 Be1 36.
Nf5 Bxc3 37. Bf8 Bd4+ 38. Kg2 Bc2 39. Nxd6 Bxb3 40. Nxf7 Ba4 41. Bd6+ Kb6 42. Bxe5 Be8 43. Nd6 Bd7 44. Bxd4 cxd4 45. Kf2 a5 46. Ke2 Bb5+ 47.
Kd2 Bf1 48. Nf5 Bg2 49. Nxd4 Kc5 50. Ke3 a4 51. Nc2 Bf1 52. f4 Bc4 53. f5 Bb3 54. Na1 1-0

[Event "*** Titled Tuesday Blitz"]
[Site "Chess.com"]
[Date "2021.02.09"]
[Round "7"]
[White "theultimatehunter"]
[Black "SharapovEvgeny"]
[Result "1/2-1/2"]
[WhiteElo "2252"]
[BlackElo "2456"]
[TimeControl "180+1"]
[EndTime "11:19:30 PST"]
[Termination "Game drawn by repetition"]

1. d4 d5 2. c4 c6 3. Nf3 Nf6 4.
e3 g6 5. Nc3 Bg7 6. Be2 O-O 7.
O-O Bg4 8. h3 Bxf3 9. Bxf3 e6 10. Re1 Nbd7 11. Bd2 a6 12. c5 e5 13. b4 exd4 14.
exd4 Re8 15. Be3 Nf8 16. a4 Ne6 17. Rb1 Ne4 18. Bxe4 dxe4 19. Nxe4 Qd5 20. Nd6 Re7 21. b5 axb5 22. axb5 Nxd4 23. Bxd4 Rxe1+ 24. Qxe1 Bxd4 25. Nxb7 Ra2 26. Qe8+ Kg7 27. Rf1 cxb5 28. c6 Rc2 29.
Nd8 b4 30. Qd7 Qxd7 31. cxd7 Bf6 32. Nb7 Rd2 33. Rb1 Rxd7 34. Rxb4 Rd2 35. Rb1 Bd4 36. Rf1 Bb6 37. Rb1 Bxf2+ 38. Kh1 h5 39. Na5 Rc2 40.
Nb3 Be3 41. Re1 Rc3 42. Na5 Bb6 43. Ra1 f5 44. Nb7 Bc7 45. Rd1 f4 46. Nd8 Kf6 47. Rd7 Kf5 48. Rf7+ Kg5 49. Ne6+ Kh6 50. Rxc7 Rxc7 51. Nxc7 g5 52. Kg1 g4 53. hxg4 hxg4 54.
Kf2 Kg5 55. Nd5 Kf5 56. Nc3 Ke5 57. Ne2 Ke4 58. Nc3+ Kd4 59. Ne2+ Ke4 60. Nc3+ Kd4 61. Ne2+ Ke4 1/2-1/2

[Event "*** Titled Tuesday Blitz"]
[Site "Chess.com"]
[Date "2021.02.09"]
[Round "7"]
[White "dpopadic"]
[Black "DarZay"]
[Result "1-0"]
[WhiteElo "2331"]
[BlackElo "2145"]
[TimeControl "180+1"]
[EndTime "11:19:31 PST"]
[Termination "dpopadic won on time"]

1. e4 c5 2. Nc3 Nc6 3. f4 d6 4. Nf3 Nf6 5. Bb5 Bg4 6. h3 Bd7 7. O-O e6 8. d3 Be7 9. Bxc6 Bxc6 10. Qe1 O-O 11. Bd2 d5 12. e5 Nd7 13. Qg3 f5 14. exf6 Nxf6 15. Rae1 Qd6 16. Ne5 d4 17. Nxc6 Qxc6 18.
Ne4 Nh5 19. Qg4 Rf5 20. Ng5 Nf6 21. Qe2 Nd5 22. Qxe6+ Qxe6 23. Nxe6 Bh4 24. Re4 b6 25. Kh2 Nf6 26. Re5 Rxe5 27. fxe5 Nd5 28. g3 Be7 29. Nf4 Rd8 30. Nxd5 Rxd5 31. Re1 g6 32. h4 Kf7 33.
b3 Ke6 34. Bf4 Bd8 35. g4 Bc7 36. Kg2 Bxe5 37. Kf3 Kd6 38. Re4 a6 39. a4 b5 40. axb5 axb5 41. h5 Bxf4 42. Kxf4 gxh5 43. gxh5 Rxh5 44. Re2 h6 45. Rg2 Rh4+ 46. Kf5 Rh1 47. Rg6+ Kd5 48. Rg2 h5 49. Kg5 h4 50. Kg4 h3 51. Rf2 h2 52. Kg3 1-0